 Dungeon Crawl Stone Soup version 0.24-a0-309-g1095bcad4c (webtiles) character file.

Game seed: 476140227521854803

373 HAL9000 the Sneak (level 6, 0/30 HPs)
             Began as a Vine Stalker Assassin on May 14, 2019.
             Was an Initiate of Dithmenos.
             Succumbed to an adder's poison
             ... on level 3 of the Dungeon.
             The game lasted 00:05:34 (2357 turns).

HAL9000 the Sneak (Vine Stalker Assassin)           Turns: 2357, Time: 00:05:35

Health: 0/30       AC:  3    Str: 13    XL:     6   Next: 72%
Magic:  3/7        EV: 12    Int: 12    God:    Dithmenos [......]
Gold:   112        SH:  0    Dex: 19    Spells: 5/5 levels left

rFire    + . .     SeeInvis .   o - +2 dagger (speed)
rCold    . . .     Gourm    .   (no shield)
rNeg     . . .     Faith    .   b - +0 robe
rPois    .         Spirit   +   (no helmet)
rElec    .         Reflect  .   c - +0 cloak
rCorr    .         Harm     .   (no gloves)
MR       .....                  (no boots)
Stlth    +++++.....             (no amulet)
HPRegen  0.50/turn              n - ring of stealth
MPRegen  0.10/turn              (no ring)

@: lethally poisoned (0 -> 0)
A: fangs 2, thin skeletal structure 1, fire resistance 1, regeneration 1, magic
shield, antimagic bite, no potion heal 3, rot immunity
a: Renounce Religion


You were on level 3 of the Dungeon.
You worshipped Dithmenos.
Dithmenos was noncommittal.
You were hungry.

You visited 1 branch of the dungeon, and saw 3 of its levels.

You collected 112 gold pieces.

Inventory:

Hand Weapons
 a - a +2 dagger
 o - a +2 dagger of speed (weapon)
Missiles
 d - 8 poisoned darts
 e - 2 curare-tipped darts (quivered)
 i - 8 silver javelins
Armour
 b - a +0 robe (worn)
 c - a +0 cloak (worn)
Jewellery
 n - a ring of stealth (left hand)
Scrolls
 g - 2 scrolls of blinking {unknown}
 h - a scroll of enchant weapon {unknown}
 j - 4 scrolls of identify {unknown}
 l - a scroll of fog {unknown}
 m - a scroll of magic mapping {unknown}
Comestibles
 f - 6 rations
 p - 4 chunks of flesh


   Skills:
 - Level 1.7 Fighting
 + Level 5.0 Short Blades
 - Level 1.7 Throwing
 - Level 0.7 Dodging
 + Level 7.3 Stealth


You had 5 spell levels left.
You didn't know any spells.
Your spell library was empty.

Dungeon Overview and Level Annotations

Branches:
Dungeon (3/15)

Altars:
Dithmenos
Makhleb
Ru
Sif Muna
Zin

Annotations:
D:3 HAL9000's ghost, amateur VSEn


Innate Abilities, Weirdness & Mutations

You have extremely sharp teeth.
Your natural rate of healing is unusually fast.
When hurt, damage is shared between your health and your magic reserves.
Your bite disrupts and absorbs the magic of your enemies.
Potions cannot restore your health.
You are immune to rotting.
You have a somewhat thin skeletal structure. (Dex +2, Stealth)
Your flesh is heat resistant. (rF+)


Message History

Dithmenos accepts your kill.
Your Short Blades skill increases to level 5!
The adder misses you. The adder barely misses you. The adder bites you.
* * * LOW HITPOINT WARNING * * *
You are poisoned.
The adder poisons you!
You feel sick.
You feel sick. The adder bites you but does no damage.
You feel sick. The adder bites you.
* * * LOW HITPOINT WARNING * * *
You feel sick. The adder bites you.
* * * LOW HITPOINT WARNING * * *
You are lethally poisoned!
The adder poisons you!
* * * LOW HITPOINT WARNING * * *
You feel sick.
You die...

############
#..........#
#...<......#
#..........#
#..........#
#.......@..##
#...........#
#รท........S.#
####.######W###
#.# #...# #.#
###.# #.# #.##
.# #..#####
##.....#


You could see HAL9000's ghost and an adder.

Vanquished Creatures
  Sigmund (D:2)
  A bullfrog (D:3)
  2 orc wizards (D:2)
  4 adders
  An ooze (D:2)
  A worm (D:3)
  4 dart slugs
  2 leopard geckos (D:2)
  2 orcs (D:2)
  2 giant cockroaches (D:1)
  4 hobgoblins
  4 jackals
  2 kobolds
  A quokka (D:2)
  2 ball pythons
  8 bats
  4 frilled lizards
  6 goblins
  2 rats (D:2)
53 creatures vanquished.

Vanquished Creatures (others)
  A plant (D:2)
1 creature vanquished.

Grand Total: 54 creatures vanquished

Notes
Turn   | Place    | Note
-------+----------+-------------------------------------------
     0 | D:1      | HAL9000 the Vine Stalker Assassin began the quest for the
                  | Orb.
     0 | D:1      | Reached XP level 1. HP: 11/11 MP: 2/2
    32 | D:1      | Reached skill level 5 in Stealth
   141 | D:1      | Reached XP level 2. HP: 15/15 MP: 3/3
   426 | D:1      | Reached XP level 3. HP: 9/18 MP: 2/4
   572 | D:1      | Reached skill level 6 in Stealth
  1093 | D:2      | Noticed Sigmund
  1105 | D:2      | Killed Sigmund
  1105 | D:2      | Gained mutation: Your natural rate of healing is unusually
                  | fast. [Vine Stalker growth]
  1105 | D:2      | Reached XP level 4. HP: 14/23 MP: 5/5
  1105 | D:2      | Reached XP level 5. HP: 16/26 MP: 6/6
  1404 | D:2      | Reached XP level 6. HP: 30/30 MP: 7/7
  1672 | D:2      | Found a faded altar of an unknown god.
  1672 | D:2      | Found a shadowy altar of Dithmenos.
  1756 | D:2      | Found a faded altar of an unknown god.
  1758 | D:2      | Became a worshipper of Dithmenos the Shadowed
  1761 | D:2      | Found a glowing silver altar of Zin.
  1763 | D:2      | Found a burning altar of Makhleb.
  1829 | D:2      | Found a sacrificial altar of Ru.
  2111 | D:2      | Found a deep blue altar of Sif Muna.
  2294 | D:3      | Found a runed translucent door.
  2316 | D:3      | Noticed HAL9000's ghost (amateur VSEn)
  2323 | D:3      | Reached skill level 7 in Stealth
  2338 | D:3      | Gained mutation: Your flesh is heat resistant. (rF+)
                  | [potion of mutation]
  2338 | D:3      | Gained mutation: You have a somewhat thin skeletal
                  | structure. (Dex +2, Stealth) [potion of mutation]
  2341 | D:3      | Reached skill level 5 in Short Blades
  2351 | D:3      | HP: 1/30 [adder (1)]
  2356 | D:3      | HP: 1/30 [poisoned by an adder]
  2357 | D:3      | Succumbed to an adder's poison

Levels and vault maps discovered:
D:1:      nicolae_arrival_washed_ashore, layout_basic
D:2:      layout_loops_ring, lemuel_blue_sif_altar,
          nicolae_ru_the_path_less_chosen, chequers_temple_overflow_minitemple,
          serial_forest, infiniplex_forest_clump_diagonal,
          infiniplex_forest_straight_5, infiniplex_forest_zigzag_1,
          infiniplex_forest_zigzag_2, infiniplex_forest_lined_room_2,
          infiniplex_forest_clump_double, infiniplex_forest_join,
          infiniplex_forest_lined_room_3, infiniplex_forest_lined_3,
          first_ration, uniq_sigmund
D:3:      layout_rooms, ebering_ghost_sewer_d, minmay_crystal_water,
          minmay_bisected

Skill      XL: |  1  2  3  4  5  6 |
---------------+-------------------+-----
Stealth        | 5 6 7 |  7.3
Short Blades   | 2 4 5 |  5.0
Fighting       | |  1.7
Throwing       | |  1.7
Dodging        | |  0.7

Action                   |  1- 3 |  4- 6 || total
-------------------------+-------+-------++-------
Melee: Dagger            |    65 |   129 ||   194
       Bite              |    17 |    40 ||    57
Throw: Dart              |     2 |     2 ||     4
  Use: Potion            |       |     1 ||     1
 Stab: Sleeping          |     4 |    14 ||    18
       Distracted        |     1 |     1 ||     2
  Eat: Chunk             |       |     4 ||     4
Armor: Robe              |    31 |    20 ||    51
Dodge: Dodged            |    30 |    37 ||    67

Table legend:
 A = Non-vault XP
 B = Vault XP
 C = Vault XP percentage of total XP
 D = Non-vault monster count
 E = Vault monster count
 F = Vault count percentage of total count
                 A         B        C        D         E       F
            +---------+---------+-------+---------+---------+-------
      Total |     213 |     321 |  60.1 |      50 |       3 |   5.7
            +---------+---------+-------+---------+---------+-------
        D:1 |      38 |       0 |   0.0 |      19 |       0 |   0.0
        D:2 |     162 |     220 |  57.6 |      26 |       1 |   3.7
        D:3 |      13 |     101 |  88.6 |       5 |       2 |  28.6
            +---------+---------+-------+---------+---------+-------
